 Dungeon Crawl Stone Soup version 0.31-a0-232-gb1c03b2570 (webtiles) character file.

Game seed: 13326671712339335892

256 qw the Shooter (level 6, -6/37 HPs)
             Began as a Gargoyle Hexslinger on July 7, 2023.
             Was an Initiate of Okawaru.
             Mangled by an ogre
             ... wielding a +0 giant club
              (18 damage)
             ... on level 5 of the Dungeon.
             The game lasted 00:01:10 (2731 turns).

qw the Shooter (Gargoyle Hexslinger)                Turns: 2731, Time: 00:01:11

Health: -6/37      AC: 13    Str: 11    XL:     6   Next: 16%
Magic:  7/7        EV: 10    Int: 14    God:    Okawaru [......]
Gold:   260        SH:  0    Dex: 14    Spells: 6/7 levels left

rFire   . . .        Y - +2 sling
rCold   . . .        (no shield)
rNeg    + . .        b - +0 ring mail
rPois   inf          c - +0 helmet
rElec   +            l - +2 cloak
rCorr   .            (no gloves)
SInv    .            (no boots)
Will    .....        (no amulet)
Stlth   +            (no ring)
HPRegen 0.26/turn    (no ring)
MPRegen 0.10/turn

%: no passive effects
@: no status effects
A: sickness immunity, AC +4, negative energy resistance 1, electricity
resistance, torment resistance 1, petrification resistance
a: Renounce Religion


You were on level 5 of the Dungeon.
You worshipped Okawaru.
Okawaru was noncommittal.
You visited 1 branch of the dungeon, and saw 5 of its levels.

You collected 260 gold pieces.


Innate Abilities, Weirdness & Mutations

You are immune to sickness and miasma.
Your stone body is resilient. (AC +4)
You are immune to poison.
You resist negative energy. (rN+)
You are resistant to electric shocks. (rElec)
You are resistant to unholy torment.
You are immune to petrification.


   Skills:
 - Level 3.3 Fighting
 + Level 5.3 Ranged Weapons
 - Level 1.1 Armour
 - Level 1.5 Dodging
 - Level 1.0 Spellcasting
 - Level 2.6 Hexes


You had 6 spell levels left.
You knew the following spells:

 Your Spells              Type           Power      Damage    Failure   Level
a - Slow                  Hex            32%        N/A       21%         1

Your spell library contained the following spells:

 Spells                   Type           Power      Damage    Failure   Level
 Inner Flame              Hex/Fire       4%         N/A       71%         3
 Portal Projectile        Hex/Tloc       8%         N/A       71%         3
 Cause Fear               Hex            4%         N/A       90%         4

Inventory:

Hand Weapons
 Y - a +2 sling (weapon)
Armour
 b - a +0 ring mail (worn)
 c - a +0 helmet (worn)
 l - a +2 cloak (worn)
Scrolls
 g - a scroll of identify
Potions
 a - a potion of heal wounds
 e - a potion of curing
 f - a potion of mutation
 h - a potion of might {unknown}
 k - 2 potions of enlightenment
 n - a potion of cancellation

Dungeon Overview and Level Annotations

Branches:
Dungeon (5/15)
 Temple: D:4-7

Altars:
Ashenzari
Cheibriados
Nemelex Xobeh
Okawaru
Qazlal
Trog


Message History

You shoot a sling bullet. The sling bullet hits the jelly.
The jelly is heavily wounded.
You shoot a sling bullet. The sling bullet hits the jelly!
The jelly is almost dead.
You shoot a sling bullet.
The sling bullet hits the jelly but does no damage.
The jelly is almost dead.
The jelly hits you. The acid corrodes you!
You are splashed with acid!
You shoot a sling bullet. The sling bullet hits the jelly.
You kill the jelly!
Okawaru accepts your kill.
Your Fighting skill increases to level 3!
You start resting.
You are no longer corroded.
HP restored.
You now have 260 gold pieces (gained 14).
You see here a scroll of torment.
Found 6 stones.
An ogre comes into view. It is wielding a +0 giant club.
You shoot a sling bullet. The sling bullet hits the ogre.
The ogre is lightly wounded.
You shoot a sling bullet.
The sling bullet barely misses the ogre.
The ogre misses you.
You shoot a sling bullet.
The sling bullet barely misses the ogre.
The ogre hits you with a +0 giant club!
You shoot a sling bullet.
The sling bullet barely misses the ogre.
The ogre barely misses you.
You shoot a sling bullet.
The sling bullet barely misses the ogre.
The ogre closely misses you.
You shoot a sling bullet. The sling bullet hits the ogre.
The ogre is moderately wounded.
The ogre hits you with a +0 giant club!
You shoot a sling bullet. The sling bullet hits the ogre.
The ogre is heavily wounded.
The ogre hits you with a +0 giant club!!
You die...

.. ##. ## .. .. #.
###########.####.
#.####?.......@O......
###.........######.###..
......##.##.# ..
....<.##.##.# ##
####..##.##.# #.....##.#
#.######(# #.# #.# #.#
#.#


You could see an ogre.

Vanquished Creatures
  A scorpion (D:4)
  2 jellies
  A hound (D:4)
  2 adders
  2 worms
  3 dart slugs
  An orc (D:3)
  11 ball pythons
  A bat (D:2)
  7 endoplasms
  6 goblins
  7 hobgoblins
  10 jackals
  3 kobolds
  4 quokkas
  2 frilled lizards
  4 rats
67 creatures vanquished.

Notes
Turn   | Place    | Note
-------+----------+-------------------------------------------
     0 | D:1      | qw the Gargoyle Hexslinger began the quest for the Orb.
     0 | D:1      | Reached XP level 1. HP: 12/12 MP: 2/2
     0 | D:1      | 0 ||| qw: Version: 0.3-a-46-gb1f654a
     0 | D:1      | 0 ||| qw: Game counter: 2944
     0 | D:1      | 0 ||| qw: Melee chars always use a shield: true
     0 | D:1      | 0 ||| qw: God list: Okawaru
     0 | D:1      | 0 ||| qw: Allow faded altars: false
     0 | D:1      | 0 ||| qw: Do Orc after clearing Dungeon:15 true
     0 | D:1      | 0 ||| qw: Do second Lair branch before Depths: true
     0 | D:1      | 0 ||| qw: Lair rune preference: random
     0 | D:1      | 0 ||| qw: Goals: Normal
     0 | D:1      | 0 ||| PLANNING D:1-11
   169 | D:1      | HP: 1/12 [quokka (4)]
   176 | D:1      | Reached XP level 2. HP: 4/16 MP: 3/3
   320 | D:1      | Reached skill level 3 in Ranged Weapons
   620 | D:1      | 620 ||| UPGRADING to +2 cloak.
   625 | D:1      | 625 ||| UPGRADING to +0 leather armour.
   635 | D:1      | 635 ||| DROPPING +0 robe.
   636 | D:1      | 636 ||| READING scroll labelled FEX RYVUURCHYESS.
   650 | D:1      | 650 ||| READING scroll labelled BEACWOSTRYLINK.
   651 | D:1      | 651 ||| READING 2 scrolls labelled ITUOSCH GEUH.
   652 | D:1      | 652 ||| READING scroll labelled RUDOSAKI PAOD.
   653 | D:1      | 653 ||| READING scroll labelled GEEHYONITE.
   654 | D:1      | 654 ||| READING scroll labelled NYSHIPPAIRGH.
   655 | D:1      | 655 ||| DRINKING 2 fuming cyan potions.
   656 | D:1      | 656 ||| DROPPING scroll of poison.
   657 | D:1      | 657 ||| DROPPING potion of attraction.
   707 | D:2      | Reached XP level 3. HP: 21/21 MP: 4/4
  1156 | D:2      | 1156 ||| UPGRADING to +0 ring mail.
  1166 | D:2      | 1166 ||| UPGRADING to +0 helmet.
  1171 | D:2      | 1171 ||| DROPPING +0 leather armour.
  1172 | D:2      | 1172 ||| DROPPING +6 ring of intelligence.
  1173 | D:2      | 1173 ||| DRINKING 2 green potions.
  1174 | D:2      | 1174 ||| DRINKING 2 metallic silvery potions.
  1175 | D:2      | 1175 ||| READING 2 scrolls of identify.
  1175 | D:2      | 1175 ||| IDENTIFYING viscous pink potion
  1284 | D:3      | Reached XP level 4. HP: 24/26 MP: 5/5
  1311 | D:3      | Reached skill level 1 in Armour
  1333 | D:3      | Found a snail-covered altar of Cheibriados.
  1405 | D:3      | Found a faded altar of an unknown god.
  1495 | D:3      | Reached skill level 4 in Ranged Weapons
  1617 | D:3      | 1617 ||| READING scroll labelled POLUARCHUDU.
  1618 | D:3      | 1618 ||| READING scroll labelled RIZXEP VODGH.
  1622 | D:3      | 1622 ||| READING scroll labelled JEMAKI AGISE.
  1723 | D:3      | 1723 ||| READING scroll labelled LITYSI NAEKOG.
  1724 | D:3      | 1724 ||| READING 6 scrolls of identify.
  1724 | D:3      | 1724 ||| IDENTIFYING bubbling pink potion
  1725 | D:3      | 1725 ||| READING 5 scrolls of identify.
  1725 | D:3      | 1725 ||| IDENTIFYING pink potion
  1726 | D:3      | 1726 ||| READING 4 scrolls of identify.
  1726 | D:3      | 1726 ||| IDENTIFYING glowing brown potion
  1727 | D:3      | 1727 ||| READING 3 scrolls of identify.
  1727 | D:3      | 1727 ||| IDENTIFYING lumpy blue potion
  1728 | D:3      | 1728 ||| DROPPING potion of brilliance.
  1729 | D:3      | 1729 ||| DROPPING potion of invisibility.
  1777 | D:4      | Found a stormy altar of Qazlal.
  1903 | D:4      | Found a sparkling altar of Nemelex Xobeh.
  1906 | D:4      | Found a bloodstained altar of Trog.
  1917 | D:4      | Found a broken altar of Ashenzari.
  1919 | D:4      | Found an iron altar of Okawaru.
  1920 | D:4      | 1920 ||| PLANNING OKAWARU WORSHIP
  1923 | D:4      | 1923 ||| READING scroll labelled FUZIZA DAOMOEWK.
  1928 | D:4      | Became a worshipper of Warmaster Okawaru
  1929 | D:4      | 1929 ||| PLANNING D:1-11
  1997 | D:4      | Reached XP level 5. HP: 30/30 MP: 6/6
  2100 | D:4      | Reached skill level 5 in Ranged Weapons
  2324 | D:4      | Reached XP level 6. HP: 36/36 MP: 7/7
  2620 | D:4      | 2620 ||| READING 2 scrolls of identify.
  2620 | D:4      | 2620 ||| IDENTIFYING inky potion
  2621 | D:4      | 2621 ||| DROPPING potion of lignification.
  2651 | D:5      | Entered Level 5 of the Dungeon
  2658 | D:5      | Reached skill level 3 in Fighting
  2731 | D:5      | Mangled by an ogre

Levels and vault maps discovered:
D:1:      matt_arrival_refuge, layout_rooms, hangedman_abyss_or_decor_stabs,
          minmay_octomino_c4
D:2:      wander_river, layout_rooms, minmay_misc_feat_plants, minivault_19,
          nicolae_concentric_dashed_squares_wild
D:3:      layout_rooms, mainiacjoe_overflow_alcove_1,
          hellmonk_ecumenical_altar_dog_temple, amcnicky_mini_pool_small
D:4:      layout_layer_cave, grunt_qazlal_sundering,
          nicolae_overflow_macrodata_refinement
D:5:      layout_loops_ring, minmay_manual_mess

Skill      XL: |  1  2  3  4  5  6 |
---------------+-------------------+-----
Ranged Weapons | 3 4 5 |  5.3
Fighting       | 2 3 |  3.3
Armour         | 1 |  1.1
Dodging        | |  1.5
Spellcasting   | |  1.0
Hexes          | |  2.6

Action                     |  1- 3 |  4- 6 || total
---------------------------+-------+-------++-------
   Fire: Sling             |   135 |   114 ||   249
    Use: Scroll            |     7 |    10 ||    17
         Potion            |     3 |       ||     3
 Armour: Robe              |     5 |       ||     5
         Leather armour    |    27 |       ||    27
         Ring mail         |     5 |    39 ||    44
  Dodge: Dodged            |    46 |    37 ||    83

Table legend:
 A = Non-vault XP
 B = Vault XP
 C = Vault XP percentage of total XP
 D = Non-vault monster count
 E = Vault monster count
 F = Vault count percentage of total count
                 A         B        C        D         E       F
            +---------+---------+-------+---------+---------+-------
      Total |     352 |      15 |   4.1 |      58 |       9 |  13.4
            +---------+---------+-------+---------+---------+-------
        D:1 |      22 |       9 |  29.0 |      12 |       6 |  33.3
        D:2 |      45 |       0 |   0.0 |      17 |       0 |   0.0
        D:3 |      42 |       6 |  12.5 |      13 |       3 |  18.8
        D:4 |     200 |       0 |   0.0 |      15 |       0 |   0.0
        D:5 |      43 |       0 |   0.0 |       1 |       0 |   0.0
            +---------+---------+-------+---------+---------+-------
